AoeStats
← Michi3052

Arabia

505044192Analyzed
1v1 RM · 26d ago on Sep 7, 2026· 53m 11s· 2 players
Game mode
Random Map
Map size
Tiny (2 player)
Population
200
Speed
Normal
Resources
Standard
Victory
Conquest
Starting age
Dark Age
Ending age
Imperial Age
RankedLock teamsTeams togetherTeam positionsShared explorationLock speedFull tech treeHidden civsTurbo modeCheats
Victory
Defeat
🇺🇸 Franks · United States
653
+16
🇪🇸 Ethiopians · Spain
658
-16
ccurt97
11:06 Feudal Age
15:25 Castle Age
13:24 Double-Bit Axe
26:19 Loom
33:23 Wheelbarrow
33:03 Forging
34:07 Murder Holes
35:34 Hand Cart
36:24 Town Watch
39:26 Imperial Age
36:38 Elite Skirmisher
38:00 Iron Casting
37:26 Padded Archer Armor
37:17 Fletching
37:33 Scale Barding Armor
37:30 Scale Mail Armor
37:37 Husbandry
38:20 Bow Saw
38:44 Squires
38:30 Arson
40:31 Conscription
43:59 Gold Mining
43:32 Cavalier
44:54 Pikeman
46:51 Blast Furnace
46:07 Chain Mail Armor
46:12 Chain Barding Armor
45:48 Bodkin Arrow
46:08 Leather Archer Armor
46:51 Paladin
48:42 #83
47:46 Elite Throwing Axeman
49:28 Gold Shaft Mining
49:06 Halberdier
51:16 #83
50:58 Chivalry
51:34 Hoardings
51:55 Plate Mail Armor
52:01 Plate Barding Armor
52:29 Chemistry
51:40 Masonry
51:39 Siege Engineers
Michi3052
8:26 Loom
10:48 Feudal Age
11:52 Double-Bit Axe
17:35 Horse Collar
21:44 Castle Age
20:45 Padded Archer Armor
21:59 Crossbowman
25:48 Wheelbarrow
26:48 Hand Cart
26:37 Town Watch
27:39 Gold Mining
28:15 Bow Saw
28:39 Squires
35:14 Town Patrol
36:34 Thumb Ring
38:19 Arson
45:15 Heavy Plow
48:41 Imperial Age
46:56 Scale Mail Armor
47:06 Forging
46:48 Fletching
47:15 Leather Archer Armor
48:12 Gold Shaft Mining
47:49 Royal Heirs
47:47 Stone Mining
48:44 Chain Mail Armor
49:05 Iron Casting
49:57 Stone Shaft Mining
50:24 Two-Man Saw
49:48 Conscription
50:10 Arbalester
52:03 Chemistry
51:24 Ballistics
52:17 Halberdier
Connection lost

Rejoining the realm…

Still unreachable

The connection could not be restored.

Session expired

The server has moved on; the page needs a fresh start.